 Dungeon Sprint DCSS version 0.19-a0-1682-g5114f93 (webtiles) character file.

5942 Saways the Severer (level 10, -16/80 HPs)
             Began as a Demonspawn Gladiator on Sept 24, 2016.
             Was the Champion of Makhleb.
             Killed by the air
             ... invoked by a spriggan air mage
              (38 damage)
             ... in the Dungeon (Sprint V: "Ziggurat Sprint").
             The game lasted 00:02:02 (313 turns).

Saways the Severer (Demonspawn Gladiator)            Turns: 313, Time: 00:02:02

Health: -16/80     AC: 33    Str: 21    XL:     10   Next: 54%
Magic:  10/10      EV:  5    Int:  9    God:    Makhleb [******]
Gold:   0          SH: 31    Dex: 24    Spells: 0 memorised, 9 levels left

rFire  . . .     SeeInvis +     J - +14 obsidian axe {chop, +Fly SInv *Curse} (curse)
rCold  + . .     Gourm    .     K - +15 Maxwell's patent armour {-Cast -Tele rElec MR+ rCorr}
rNeg   + . .     Faith    .     L - +18 shield of the Gong {rElec rN+ MR+ EV-5}
rPois  .         Spirit   .     (helmet restricted)
rElec  +         Dismiss  .     (no cloak)
rCorr  +         Reflect  .     (no gloves)
MR     ++...     Harm     .     N - +2 pair of boots {Fly}
Stlth  .......... NoTele   +    (no amulet) NoCast +
                                D - +6 ring of strength
                                A - +6 ring of dexterity

@: flying, mesmerised
A: antennae 2, slimy green scales 2, cold resistance 1
a: Minor Destruction, Lesser Servant of Makhleb, Major Destruction, Greater
Servant of Makhleb, Renounce Religion, Stop Flying


You were in the Dungeon.
You worshipped Makhleb.
Makhleb was exalted by your worship.
You were not hungry.

You visited 1 branch

Inventory:

Hand Weapons
 a - a +0 war axe
 J - the cursed +14 obsidian axe (weapon) {chop, +Fly SInv *Curse}
   (You found it in the Dungeon)

   It inflicts extra damage upon your enemies.
   It lets you see invisible.
   It lets you fly.
   It may re-curse itself when equipped.
   It has a curse placed upon it.
Missiles
 d - 3 throwing nets (quivered)
Armour
 b - a +0 leather armour
 c - a +0 helmet
 K - the +15 Maxwell's patent armour (worn) {-Cast -Tele rElec MR+ rCorr}
   (You found it in the Dungeon)

   It insulates you from electricity.
   It affects your resistance to hostile enchantments.
   It prevents spellcasting.
   It prevents most forms of teleportation.
   It protects you from acid and corrosion.
 L - the +18 shield of the Gong (worn) {rElec rN+ MR+ EV-5}
   (You found it in the Dungeon)

   It affects your evasion (-5).
   It insulates you from electricity.
   It protects you from negative energy.
   It affects your resistance to hostile enchantments.
 N - a +2 pair of boots of flying (worn)
Jewellery
 y - a +6 ring of dexterity
 A - a +6 ring of dexterity (left hand)
 B - a +6 ring of intelligence
 C - a +6 ring of intelligence
 D - a +6 ring of strength (right hand)
 E - a +6 ring of strength
 O - an uncursed ring of protection from fire
 P - the ring "Pizef" {+Fly rElec MP+9 Int+3}
   (You found it in the Dungeon)

   [ring of magical power]

   It affects your intelligence (+3).
   It insulates you from electricity.
   It affects your magic capacity (+9).
   It lets you fly.
 T - an uncursed ring of positive energy
Wands
 F - a wand of disintegration (7/24)
 G - a wand of iceblast (5/15)
 H - a wand of lightning (5/15)
 I - a wand of acid (5/15)
Scrolls
 k - 4 scrolls of blinking
 o - a scroll of brand weapon
 r - 4 scrolls of amnesia
 s - 3 scrolls of recharging
 t - 7 scrolls of fog
 u - 5 scrolls of identify
 v - 5 scrolls of remove curse
 w - 2 scrolls of fear
Potions
 e - 10 potions of curing
 g - 10 potions of heal wounds
 h - 6 potions of haste
 i - 7 potions of magic
 j - 3 potions of berserk rage
 l - 2 potions of brilliance
 m - 2 potions of invisibility
 n - 3 potions of resistance
 p - 5 potions of agility
 q - 5 potions of might
Miscellaneous
 M - 2 phantom mirrors
 Q - a sack of spiders
 R - 2 boxes of beasts
 S - a phial of floods
Comestibles
 f - 5 bread rations
 x - 42 fruits
 z - 4 meat rations


   Skills:
 + Level 8.2 Fighting
 * Level 17.7 Axes
 - Level 1.7 Throwing
 + Level 3.0 Armour
 + Level 7.6 Dodging
 + Level 9.1 Shields


You had 9 spell levels left.
You didn't know any spells.

Dungeon Overview and Level Annotations

Branches:
Dungeon (1/1)

Altars:
Ashenzari
Cheibriados
Dithmenos
Elyvilon
Fedhas
Gozag
Hepliaklqana
Kikubaaqudgha
Makhleb
Nemelex Xobeh
Okawaru
Qazlal
Ru
Sif Muna
Trog
Uskayaw
Vehumet
Xom
Yredelemnul
Zin
The Shining One
Beogh
Jiyva
Lugonu


Innate Abilities, Weirdness & Mutations

You have a pair of antennae on your head.
You are mostly covered in slimy green scales. (AC +3)
Your flesh is cold resistant. (rC+)


Message History

Visions of slaying the spriggan air mage flood into your mind.
The spriggan air mage waves its arms in wide circles.
The air twists around and violently strikes you in flight!
Unknown command.
You slash the spriggan air mage!
The spriggan air mage is moderately wounded.
You slash the spriggan berserker!
The spriggan berserker utters an invocation to Trog.
The spriggan berserker goes berserk!
Unknown command.
You slash the spriggan air mage!
The spriggan air mage is severely wounded.
You slash the spriggan berserker!
The spriggan air mage gestures at you while chanting.
The bolt of lightning hits you! You resist.
The spriggan berserker hits you with a war axe.
* * * LOW HITPOINT WARNING * * *
The spriggan air mage waves its arms in wide circles.
The air twists around and violently strikes you in flight!
You die...

▓▓▓▓▓▓▓▓▓▓▓▓▓▓▓▓▓▓▓
▓...8©8...▓...8©8...▓
▓..))[.:..▓..:.}....▓
▓.b:}[|}..▓...)4....▓
▓.........▓.........▓
▓.c...i...▓...()|...▓
▓.b.c.ii..▓...|()...▓
▓...iii...▓....)|...▓
▓....@....▓.▓..(..▓.▓
▓.▓..(..▓.▓....(....▓
▓.........▓▓▓▓▓▓▓▓▓▓▓
▓▓▓▓▓▓▓▓▓▓▓


{{{{{{{{ {{{{ {{{{ {{{{{{{{ You could see a spriggan defender, a satyr, 2
spriggan berserkers, a faun, 2 spriggan air magi and a spriggan druid.

Vanquished Creatures
  A yaktaur captain (D)
  2 centaur warriors (D)
  A cyclops (D)
  A yaktaur (D)
  An efreet (D)
  A wind drake (D)
  Sigmund (D)
  A redback (D)
  2 fire elementals (D)
  A tarantella (D)
  5 insubstantial wisps (D)
  2 nagas (D)
  A water moccasin (D)
  A hell hound (D)
  4 centaurs (D)
  Blork the orc (D)
  2 scorpions (D)
  An iron imp (D)
  Jessica (D)
  5 adders (D)
  A shadow imp (D)
  An ufetubus (D)
  An adder skeleton (D)
  A bat skeleton (D)
  2 bat zombies (D)
  3 ball pythons (D)
  A giant cockroach zombie (D)
  A jackal zombie (D)
46 creatures vanquished.

Vanquished Creatures (collateral kills)
  An efreet (D)
  A wind drake (D)
  A hell hound (D)
  2 scorpions (D)
  An iron imp (D)
  An adder zombie (D)
  A fire vortex (D)
8 creatures vanquished.

Vanquished Creatures (others)
  A spatial maelstrom (D)
1 creature vanquished.

Grand Total: 55 creatures vanquished

Notes
Turn   | Place    | Note
-------+----------+-------------------------------------------
     0 | D        | Saways the Demonspawn Gladiator began the quest for the Orb.
     0 | D        | Reached XP level 1. HP: 16/16 MP: 1/1
     4 | D        | Found a deep blue altar of Sif Muna.
     4 | D        | Found a bloodstained altar of Trog.
     4 | D        | Found a sacrificial altar of Ru.
     4 | D        | Found a stormy altar of Qazlal.
     4 | D        | Found an iron altar of Okawaru.
     5 | D        | Found a sparkling altar of Nemelex Xobeh.
     5 | D        | Found a blossoming altar of Fedhas.
     7 | D        | Found an ancient bone altar of Kikubaaqudgha.
     7 | D        | Found a viscous altar of Jiyva.
     7 | D        | Found a corrupted altar of Lugonu.
     7 | D        | Found a hazy altar of Hepliaklqana.
     7 | D        | Found a burning altar of Makhleb.
     7 | D        | Found an opulent altar of Gozag.
     7 | D        | Banished a spatial maelstrom
    46 | D        | Became a worshipper of Makhleb the Destroyer
    49 | D        | Reached skill level 4 in Axes
    49 | D        | Gained mutation: You have a pair of small antennae on your head. [demonic ancestry]
    49 | D        | Reached XP level 2. HP: 24/24 MP: 2/2
    55 | D        | Entered arena 1.
    57 | D        | Reached skill level 5 in Axes
    61 | D        | Entered arena 2.
    61 | D        | Noticed Sigmund
    61 | D        | Noticed Jessica
    61 | D        | Noticed Blork the orc
    63 | D        | Killed Jessica
    63 | D        | Reached * piety under Makhleb
    63 | D        | Reached XP level 3. HP: 20/30 MP: 3/3
    67 | D        | Killed Blork the orc
    67 | D        | Reached skill level 7 in Axes
    67 | D        | Reached skill level 5 in Dodging
    67 | D        | Gained mutation: You are partially covered in slimy green scales. (AC +2) [demonic ancestry]
    67 | D        | Reached XP level 4. HP: 25/37 MP: 4/4
    73 | D        | Killed Sigmund
    73 | D        | Reached skill level 9 in Axes
    73 | D        | Reached XP level 5. HP: 30/43 MP: 5/5
    73 | D        | Gained mutation: You have a pair of antennae on your head. [demonic ancestry]
    73 | D        | Reached XP level 6. HP: 34/49 MP: 6/6
   133 | D        | Entered arena 3.
   136 | D        | Reached ** piety under Makhleb
   146 | D        | Entered arena 4.
   148 | D        | Reached *** piety under Makhleb
   150 | D        | Reached skill level 10 in Axes
   158 | D        | Entered arena 5.
   158 | D        | Noticed a naga
   158 | D        | Noticed a naga
   158 | D        | Noticed a water moccasin
   160 | D        | Killed a water moccasin
   160 | D        | Reached skill level 5 in Fighting
   161 | D        | Reached **** piety under Makhleb
   163 | D        | Killed a naga
   163 | D        | Reached skill level 11 in Axes
   163 | D        | Gained mutation: You are mostly covered in slimy green scales. (AC +3) [demonic ancestry]
   163 | D        | Reached XP level 7. HP: 56/56 MP: 7/7
   172 | D        | Entered arena 6.
   172 | D        | Noticed a tarantella
   172 | D        | Noticed a redback
   175 | D        | Reached ***** piety under Makhleb
   177 | D        | Reached skill level 12 in Axes
   177 | D        | Killed a redback
   178 | D        | Killed a tarantella
   178 | D        | Reached XP level 8. HP: 64/64 MP: 8/8
   181 | D        | Reached skill level 5 in Shields
   200 | D        | Got the ring "Pizef" {+Fly rElec MP+9 Int+3}
   202 | D        | Entered arena 7.
   202 | D        | Noticed an efreet
   202 | D        | Noticed an efreet
   206 | D        | Reached skill level 13 in Axes
   208 | D        | Reached ****** piety under Makhleb
   208 | D        | Killed an efreet
   208 | D        | Reached skill level 14 in Axes
   212 | D        | Killed an efreet
   225 | D        | Entered arena 8.
   225 | D        | Noticed a wind drake
   225 | D        | Noticed a wind drake
   230 | D        | Gained mutation: Your flesh is cold resistant. (rC+) [demonic ancestry]
   230 | D        | Reached XP level 9. HP: 58/70 MP: 9/9
   238 | D        | Killed a wind drake
   238 | D        | Reached skill level 15 in Axes
   244 | D        | Killed a wind drake
   256 | D        | Entered arena 9.
   287 | D        | Entered arena 10.
   287 | D        | Noticed a yaktaur captain
   287 | D        | Noticed a centaur warrior
   287 | D        | Noticed a cyclops
   287 | D        | Noticed a centaur warrior
   287 | D        | Noticed a yaktaur
   294 | D        | Killed a centaur warrior
   294 | D        | Reached skill level 16 in Axes
   296 | D        | Reached XP level 10. HP: 65/79 MP: 10/10
   296 | D        | Killed a centaur warrior
   297 | D        | Killed a cyclops
   297 | D        | Reached skill level 17 in Axes
   303 | D        | Killed a yaktaur captain
   309 | D        | Entered arena 11.
   309 | D        | Noticed a spriggan air mage
   309 | D        | Noticed a faun
   309 | D        | Noticed a spriggan berserker
   309 | D        | Noticed a spriggan air mage
   310 | D        | Noticed a satyr
   310 | D        | Noticed a spriggan berserker
   310 | D        | Noticed a spriggan defender
   310 | D        | Noticed a spriggan druid
   313 | D        | Killed from afar by a spriggan air mage

Vault maps used:
D:        sprint_v

Skill      XL: |  1  2  3  4  5  6  7  8  9 10 |
---------------+-------------------------------+-----
Fighting       | 3 4 5 6 7 8 |  8.2
Axes           | 4 5 7 9 11 12 14 16 17 | 17.7
Armour         | 2 3 |  3.0
Dodging        | 3 4 5 6 7 |  7.6
Shields        | 2 3 4 6 8 9 |  9.1
Throwing       | |  1.7

Action                   |  1- 3 |  4- 6 |  7- 9 | 10-12 || total
-------------------------+-------+-------+-------+-------++-------
Melee: Broad axe         |     4 |    20 |    46 |     9 ||    79
  Use: Potion            |     1 |       |     1 |       ||     2
       Scroll            |       |       |     1 |       ||     1
 Stab: Distracted        |       |       |     1 |       ||     1
Armor: Plate armour      |     3 |     4 |    15 |       ||    22
Dodge: Dodged            |       |       |     3 |       ||     3
Block: Shield            |     4 |    28 |    68 |     7 ||   107
